 Dungeon Crawl Stone Soup version 0.28.0-43-g3370ac3207 (webtiles) character file.

Game seed: 3663825603349557464

14 protoss039 the Digger (level 2, -1/15 HPs)
             Began as a Deep Elf Earth Elementalist on Mar 4, 2022.
             Slain by a jackal (2 damage)
             ... on level 1 of the Dungeon.
             The game lasted 00:00:35 (39 turns).

protoss039 the Digger (Deep Elf Earth Elementalist)   Turns: 39, Time: 00:00:36

Health: -1/15      AC:  2    Str:  5    XL:     2   Next: 27%
Magic:  2/8        EV: 12    Int: 19    God:
Gold:   0          SH:  0    Dex: 15    Spells: 6/7 levels left

rFire   . . .      SeeInvis .   a - +0 spear
rCold   . . .      Faith    .   (no shield)
rNeg    . . .      Spirit   .   b - +0 robe
rPois   .          Reflect  .   (no helmet)
rElec   .          Harm     .   (no cloak)
rCorr   .          Rampage  .   (no gloves)
Will    .....                   (no boots)
Stlth   ++........              (no amulet)
HPRegen 0.05/turn               (no ring)
MPRegen 0.11/turn               (no ring)

@: no status effects
A: no striking features
a: no special abilities


You were on level 1 of the Dungeon.
You visited 1 branch of the dungeon, and saw 1 of its levels.

Inventory:

Hand Weapons
 a - a +0 spear (weapon)
Missiles
 c - 34 stones
Armour
 b - a +0 robe (worn)


   Skills:
 - Level 2.4 Dodging
 - Level 2.4 Stealth
 + Level 3.3 Spellcasting
 + Level 1.1 Transmutations
 + Level 3.9 Earth Magic


You had 6 spell levels left.
You knew the following spells:

 Your Spells              Type           Power      Damage    Failure   Level
a - Sandblast             Erth           36%        2d10      3%          1

Your spell library contained the following spells:

 Spells                   Type           Power      Damage    Failure   Level
 Passwall                 Tmut/Erth      10%        N/A       8%          2
 Stone Arrow              Conj/Erth      20%        3d8       21%         3
 Petrify                  Tmut/Erth      12%        N/A       45%         4


Dungeon Overview and Level Annotations

Branches:
Dungeon (1/15)

Altars:


Message History

You reach to attack!
You hit the jackal.
The jackal is almost dead.
The jackal barely misses you. The jackal misses you.
Reach: a) +0 spear
Press: ? - help, Dir - move target, f/p - jackal
Aim: a jackal (almost dead, about 47% to evade your +0 spear)
The jackal is in the way.
You hit the jackal.
You kill the jackal!
Reach: a) +0 spear
Press: ? - help, Dir - move target, f - jackal, p - jackal
Aim: a jackal (about 47% to evade your +0 spear)
You reach to attack!
You hit the jackal.
The jackal is heavily wounded.
The jackal bites you but does no damage.
The jackal bites you.
* * * LOW HITPOINT WARNING * * *
Unknown command.
Reach: a) +0 spear
Press: ? - help, Dir - move target, f/p - jackal
Aim: a jackal (heavily wounded, about 47% to evade your +0 spear)
The jackal is in the way.
You miss the jackal.
The jackal is almost dead.
The jackal bites you.
* * * LOW HITPOINT WARNING * * *
Casting: Sandblast (safe; 3% risk of failure)
Confirm with . or Enter, or press ? or * to list all spells.
Aiming: Sandblast (safe; 3% risk of failure)
Press: ? - help, Shift-Dir - straight line, f/p - jackal
Aim: a jackal (heavily wounded, 74% to hit)
The blast of sand hits the jackal!
You kill the jackal!
Casting: Sandblast (safe; 3% risk of failure)
Confirm with . or Enter, or press ? or * to list all spells.
Aiming: Sandblast (safe; 3% risk of failure)
Press: ? - help, Shift-Dir - straight line, f/p - jackal
Aim: a jackal (moderately wounded, 74% to hit)
The blast of sand misses the jackal.
The blast of sand hits the rat!
You kill the rat!
The jackal bites you.
You die...

# #+# .# ####.#### ##.###
##..#.#..## ##.....##
#.#.#.#.#.# ##.......##
#..#...#..# #.........##
####.....#####...........
+.....<....@h...........#
####.....####...........#
#..#...#..#............#
#.#.#.#.#.###...........
##..#.#..## #...†.....#
####.#### #.........# #+#
#........?# #.........#
...).......#


You could see a jackal.

Vanquished Creatures
  A gnoll (D:1)
  3 jackals (D:1)
  A rat (D:1)
5 creatures vanquished.

Notes
Turn   | Place    | Note
-------+----------+-------------------------------------------
     0 | D:1      | protoss039 the Deep Elf Earth Elementalist began the quest
                  | for the Orb.
     0 | D:1      | Reached XP level 1. HP: 10/10 MP: 6/6
    18 | D:1      | Reached XP level 2. HP: 15/15 MP: 4/8
    39 | D:1      | Slain by a jackal

Illustrated notes

Levels and vault maps discovered:
D:1:      nzn_arrival_crosshair, layout_rooms, ebering_ecumenical_altar_box

Action                   || total
-------------------------++-------
Melee: Spear             ||     8
       Punch             ||     1
 Cast: Sandblast         ||     7
Armor: Robe              ||     2
Dodge: Dodged            ||    17
